 Dungeon Crawl Stone Soup version 0.29.1-4-g47bece8355 (webtiles) character file.

Game seed: 7117377940130987481

1758 GigaChad the Cleaver (level 8, -2/70 HPs)
             Began as a Minotaur Fighter on Dec 6, 2022.
             Was an Initiate of Hepliaklqana.
             Slain by an unseen horror (5 damage)
             ... on level 6 of the Dungeon.
             The game lasted 00:10:08 (6312 turns).

GigaChad the Cleaver (Minotaur Fighter)             Turns: 6312, Time: 00:10:08

Health: -2/70      AC: 14    Str: 23    XL:     8   Next: 79%
Magic:  7/7        EV: 14    Int:  5    God:    Hepliaklqana [......]
Gold:   813        SH:  5    Dex: 10    Spells: 7/7 levels left

rFire   x . .      SeeInvis .   a - +0 war axe
rCold   + + .      Faith    .   c - +0 buckler
rNeg    . . .      Spirit   .   t - +0 ice dragon scales
rPois   .          Reflect  .   J - +2 hat
rElec   .          Harm     .   (no cloak)
rCorr   .          Rampage  .   (no gloves)
Will    .....                   (no boots)
Stlth   ..........              (no amulet)
HPRegen 0.21/turn               y - +4 ring of evasion
MPRegen 0.10/turn               (no ring)

@: no status effects
A: horns 2, retaliatory headbutt
a: Renounce Religion


You were on level 6 of the Dungeon.
You worshipped Hepliaklqana.
Hepliaklqana was noncommittal.
You visited 2 branches of the dungeon, and saw 7 of its levels.
You also visited: Sewer.

You collected 813 gold pieces.

Inventory:

Hand Weapons
 a - a +0 war axe (weapon)
Missiles
 g - a throwing net (quivered)
Armour
 b - a +0 scale mail
 c - a +0 buckler (worn)
 f - a +1 pair of gloves
 k - a +0 chain mail
 t - +0 ice dragon scales (worn)
 J - a +2 hat (worn)
Jewellery
 i - a ring of willpower
 y - a +4 ring of evasion (left hand)
Wands
 w - a wand of paralysis (7)
 E - a wand of polymorph (5)
Scrolls
 e - 2 scrolls of blinking {unknown}
 h - 3 scrolls of immolation {unknown}
 m - a scroll of enchant weapon
 n - 12 scrolls of identify
 r - a scroll of poison {unknown}
 x - 2 scrolls of summoning {unknown}
 z - 3 scrolls of fear {unknown}
 A - 5 scrolls of teleportation
 B - a scroll of amnesia {unknown}
 C - a scroll of noise {unknown}
 F - a scroll of magic mapping {unknown}
 I - a scroll of enchant armour {unknown}
Potions
 d - 2 potions of might
 j - a potion of cancellation {unknown}
 l - a potion of curing {unknown}
 o - a potion of mutation {unknown}
 p - 2 potions of haste {unknown}
 q - 3 potions of lignification {unknown}
 s - 3 potions of flight {unknown}
 u - 3 potions of heal wounds {unknown}
 v - 2 potions of degeneration {unknown}
 D - 2 potions of brilliance {unknown}
 G - a potion of attraction {unknown}
 H - a potion of magic {unknown}


   Skills:
 + Level 5.9 Fighting
 + Level 9.2 Axes
 + Level 7.5 Armour
 + Level 3.5 Dodging
 + Level 0.8 Stealth
 + Level 5.7 Shields


You had 7 spell levels left.
You didn't know any spells.
Your spell library contained the following spells:

 Spells                   Type           Power      Damage    Failure   Level
 Apportation              Tloc           0%         N/A       88%         1
 Necrotise                Necr           0%         1d4       88%         1
 Summon Small Mammal      Summ           0%         N/A       88%         1
 Alistair's Intoxication  Tmut/Pois      0%         N/A       100%        5


Dungeon Overview and Level Annotations

Branches:
Dungeon (6/15)             Temple (1/1) D:5           Sewer (visited)

Altars:
Ashenzari
Cheibriados
Dithmenos
Elyvilon
Fedhas
Hepliaklqana
Kikubaaqudgha
Nemelex Xobeh
Okawaru
Qazlal
Ru
Sif Muna
Trog
Uskayaw
Vehumet
Wu Jian
Xom

Shops:
D:3 =

Annotations:
D:4 1 runed translucent door, Crazy Yiuf, Dowan, Duvessa


Innate Abilities, Weirdness & Mutations

You have a pair of horns on your head.
You reflexively headbutt those who attack you in melee.


Message History

Something hits you. Something hits you but does no damage.
Something hits you. x2
Something hits you. Something completely misses you.
You barely miss something. Something barely misses you. Something hits you!
Something hits you.
You miss something. Something hits you but does no damage.
Something hits you but does no damage. Something barely misses you.
Something hits you but does no damage.
You miss something. Something hits you. Something hits you but does no damage.
Something barely misses you. Something barely misses you. Something hits you.
Something hits you but does no damage. Something hits you but does no damage.
Something barely misses you. Something hits you.
Something hits you but does no damage.
You hit something but do no damage. Your headbutt misses something.
Something hits you. x2; You block something's attack.
You closely miss something. Something hits you but does no damage.
Something hits you.
You closely miss something. Something hits you.
Something hits you but does no damage.
You closely miss something. Your headbutt misses something. Something hits you!
* * * LOW HITPOINT WARNING * * *
Something hits you but does no damage. x2
You miss something.
Something hits you but does no damage. x2
You hit something but do no damage. Something hits you.
* * * LOW HITPOINT WARNING * * *
Something hits you.
* * * LOW HITPOINT WARNING * * *
Something hits you but does no damage.
You slice something!! Something hits you.
* * * LOW HITPOINT WARNING * * *
Something hits you.
* * * LOW HITPOINT WARNING * * *
Something hits you.
You die...

....# ....# ....#
....# ###### ....#
#....####### ....#
#........... ....#
#........... ....#
##...#########+##
....#
##..@#..........#####
....#
#....#..........+....
....#
#....'..........#....
....#
######....).....#....
....#
#...............#+###
....#
#.....<...#####......
....#
#.........'...#......
....#
#.........#...#......
....#
######...|#...#......


There were no monsters in sight!

Vanquished Creatures
  A water moccasin (D:6)
  A black bear (D:5)
  An ice beast (D:6)
  An ogre (D:5)
  4 kobold brigands
  3 necrophages (D:5)
  2 scorpions (D:5)
  4 wights
  5 hounds
  4 iguanas
  An orc wizard (D:6)
  Robin (D:3)
  12 adders
  4 river rats
  2 white imps (D:5)
  An ufetubus (D:6)
  2 worms
  5 dart slugs
  19 orcs
  5 bats
  6 endoplasms
  7 giant cockroaches
  13 goblins
  10 hobgoblins
  7 jackals
  2 quokkas
  5 ball pythons
  10 frilled lizards
  15 kobolds
  13 rats
166 creatures vanquished.

Vanquished Creatures (others)
  16 plants
16 creatures vanquished.

Grand Total: 182 creatures vanquished

Notes
Turn   | Place    | Note
-------+----------+-------------------------------------------
     0 | D:1      | GigaChad the Minotaur Fighter began the quest for the Orb.
     0 | D:1      | Reached XP level 1. HP: 19/19 MP: 0/0
   112 | D:1      | Reached XP level 2. HP: 27/27 MP: 1/1
   417 | D:1      | Found a faded altar of an unknown god.
   662 | D:1      | Identified a scroll of acquirement
   662 | D:1      | Acquired 532 gold pieces
   774 | D:2      | Reached XP level 3. HP: 33/33 MP: 2/2
   809 | D:2      | Reached skill level 3 in Axes
  1028 | D:2      | Reached XP level 4. HP: 26/40 MP: 3/3
  1862 | D:3      | Reached skill level 4 in Axes
  1902 | D:3      | Found an ancient bone altar of Kikubaaqudgha.
  1956 | D:3      | Noticed Robin
  1964 | D:3      | Reached XP level 5. HP: 45/46 MP: 4/4
  1968 | D:3      | Killed Robin
  2034 | D:3      | Found Nuaphusi's Jewellery Emporium.
  2918 | D:4      | Found a runed translucent door.
  2918 | D:4      | Noticed Dowan
  2918 | D:4      | Noticed Crazy Yiuf
  2918 | D:4      | Noticed Duvessa
  3021 | D:5      | Entered Level 5 of the Dungeon
  3107 | D:5      | Reached skill level 5 in Axes
  3113 | D:5      | Reached skill level 5 in Armour
  3152 | D:5      | Reached XP level 6. HP: 49/52 MP: 5/5
  3180 | D:5      | Reached skill level 1 in Dodging
  3206 | D:5      | Reached skill level 6 in Axes
  3442 | D:5      | Reached XP level 7. HP: 42/60 MP: 6/6
  3444 | D:5      | Reached skill level 5 in Shields
  3629 | D:5      | Reached skill level 7 in Axes
  4001 | D:5      | Found a staircase to the Ecumenical Temple.
  4011 | Temple   | Entered the Ecumenical Temple
  4115 | Temple   | Became a worshipper of Hepliaklqana the Forgotten
  4174 | D:5      | Reached skill level 5 in Fighting
  4683 | D:5      | Reached XP level 8. HP: 58/67 MP: 7/7
  4983 | D:6      | Reached skill level 8 in Axes
  5064 | D:6      | Found a glowing drain.
  5250 | Sewer    | Entered a sewer
  5950 | D:6      | Reached skill level 9 in Axes
  6311 | D:6      | HP: 3/70 [something (4)]
  6312 | D:6      | Slain by an unseen horror

Illustrated notes

Levels and vault maps discovered:
D:1:      ncdulo_halloftheorcs, layout_loops_ring,
          shapermc_ecumenical_altar_totnotflames
D:2:      layout_rooms
D:3:      mumra_celtic_spiral_tile, layout_basic, kiku_gazebo_pond_becter,
          serial_shops, shop, lexackson_kobold_supper, uniq_robin
D:4:      layout_cave_pools, minmay_fountain_box, dk_noncrumbling_3,
          uniq_crazy_yiuf_cottage, uniq_duvessa
D:5:      minmay_razor_zed, layout_rooms, temple_hall
D:6:      layout_gridville, portal_sewer_entry_a
Temple:   hc_temple_tempest_star

Skill      XL: |  1  2  3  4  5  6  7  8 |
---------------+-------------------------+-----
Shields        | 4 5 |  5.7
Armour         | 4 5 6 7 |  7.5
Axes           | 3 4 5 6 7 9 |  9.2
Fighting       | 4 5 |  5.9
Dodging        | 1 2 3 |  3.5
Stealth        | |  0.8

Action                   |  1- 3 |  4- 6 |  7- 9 || total
-------------------------+-------+-------+-------++-------
Melee: War axe           |    85 |   116 |   205 ||   406
       Headbutt          |     7 |    13 |    35 ||    55
  Use: Scroll            |     5 |       |       ||     5
Armor: Scale mail        |     5 |       |       ||     5
       Chain mail        |    67 |     7 |       ||    74
       Ice dragon scales |       |    65 |    78 ||   143
Dodge: Dodged            |    44 |    84 |   117 ||   245
Block: Buckler           |    21 |    32 |    44 ||    97
